Map: Frost LE (Void)

Players

Stephano

  • Race: Zerg Zerg
  • Spawn Location: 5:00

MCMC (MC) - Winner!

  • Race: Protoss Protoss
  • Spawn Location: 1:00

Event: Gamers8 2023

VOD

Have the link to the VOD?

Description

Time

  • Played on: Aug. 5, 2023, 9:02 a.m.
  • Length: 12:58

All games in this series

Show
View Real Time Build Order
Export as new Build Order

Stephano Zerg 

Build Orders: Pool First, Swarm Host 

Get SALT Encoding   

  12  0:17  Spawning Pool  
  11  0:22  Drone  
  11  0:26  Drone  
  13  0:31  Drone  
  14  0:40  Overlord  
  14  1:04  Zergling x4  
  14  1:05  Zergling x2  
  17  1:18  Hatchery  
  16  1:28  Queen  
  18  1:33  Drone  
  18  1:37  Drone  
  20  1:40  Drone  
  21  1:49  Drone  
  22  1:59  Overlord  
  22  2:17  Queen  
  22  2:18  Drone  
  22  2:21  Drone  
  26  2:25  Extractor  
  25  2:31  Drone x2  
  25  2:35  Queen  
  29  2:41  Drone  
  29  2:43  Drone x4  
  34  3:03  Hatchery  
  34  3:05  Drone  
  34  3:10  Drone x2  
  36  3:24  Overlord  
  36  3:30  Extractor, Metabolic Boost  
  36  3:32  Extractor, Zergling x4  
  37  3:50  Drone x7  
  44  3:58  Overlord  
  44  4:07  Extractor, Lair  
  44  4:08  Queen  
  44  4:09  Extractor  
  44  4:12  Overlord  
  44  4:17  Drone x2  
  44  4:18  Drone  
  44  4:20  Drone, Roach Warren  
  47  4:25  Overlord  
  47  4:30  Drone x2  
  49  4:35  Drone x4  
  53  4:41  Spore Crawler  
  53  4:43  Zergling x6  
  55  4:51  Extractor, Drone  
  55  4:54  Drone  
  55  4:55  Overlord  
  55  4:57  Queen  
  58  5:01  Overlord  
  58  5:09  Infestation Pit  
  57  5:14  Drone x2  
  57  5:18  Drone x3  
  57  5:21  Drone x2  
  64  5:25  Overlord  
  64  5:29  Roach x3  
  64  5:35  Overlord  
  70  5:36  Drone x2  
  70  5:40  Overlord  
  71  5:48  Spore Crawler  
  70  5:52  Swarm Host x3  
  70  5:55  Swarm Host  
  82  6:06  Swarm Host x4  
  82  6:10  Glial Reconstitution  
  94  6:15  Swarm Host  
  94  6:18  Overlord x2  
  97  6:28  Overlord  
  97  6:35  Queen  
  98  6:40  Roach x6  
  110  6:47  Swarm Host x2  
  114  6:55  Swarm Host x2  
  114  7:00  Spore Crawler  
  119  7:03  Overlord  
  119  7:04  Overlord  
  113  7:17  Spore Crawler  
  113  7:19  Spire, Spore Crawler  
  113  7:21  Queen x2  
  112  7:26  Spore Crawler  
  112  7:27  Spore Crawler  
  106  7:34  Queen  
  108  7:57  Queen x2  
  112  8:08  Drone x2  
  110  8:18  Hatchery  
  97  8:23  Overlord x3  
  97  8:34  Overlord  
  97  8:37  Corruptor x3  
  103  8:41  Corruptor  
  102  8:50  Corruptor x2  
  103  9:01  Corruptor x2  
  89  9:10  Corruptor  
  89  9:12  Drone x3  
  91  9:20  Roach x2  
  95  9:24  Corruptor  
  94  9:33  Roach x3  
  94  9:34  Ravager  
  92  9:56  Roach x7  
  106  10:01  Roach  
  106  10:02  Roach x2  
  106  10:03  Ravager x2  
  114  10:10  Roach x2  
  114  10:23  Roach x5  
  109  10:42  Roach x5  
  100  10:53  Roach x2  
  94  11:01  Hatchery  
  87  11:06  Corruptor  
  86  11:12  Corruptor  
  84  11:20  Ravager x3  
  84  11:21  Ravager x2  
  84  11:23  Roach x2  
  93  11:29  Ravager  
  93  11:30  Ravager  
  95  11:37  Roach  
  95  11:38  Roach x3  
  101  11:50  Roach x3  
  101  12:02  Roach x3  
  101  12:07  Roach  
  91  12:16  Roach x2  
  95  12:24  Roach x2  
  89  12:32  Roach x3  
Show
View Real Time Build Order
Export as new Build Order

MCMC Protoss - Winner!

Build Orders:  

Get SALT Encoding   

  12  0:00  Probe  
  13  0:12  Probe  
  14  0:18  Pylon  
  14  0:24  Probe  
  15  0:36  Probe (Chrono Boost)  
  16  0:43  Gateway  
  16  0:46  Probe (Chrono Boost)  
  16  0:48  Assimilator  
  17  0:51  Probe (Chrono Boost)  
  18  1:03  Probe  
  19  1:10  Forge  
  19  1:15  Probe  
  19  1:16  Pylon  
  20  1:27  Probe  
  20  1:28  Zealot (Chrono Boost)  
  23  1:43  Photon Cannon  
  23  1:45  Cybernetics Core  
  23  1:48  Probe  
  26  2:00  Probe  
  27  2:18  Adept (Chrono Boost), Nexus  
  27  2:21  Warp Gate  
  27  2:23  Probe  
  27  2:30  Assimilator  
  27  2:35  Probe  
  28  2:41  Adept  
  28  2:44  Pylon  
  30  2:48  Probe  
  31  3:02  Stargate, Probe  
  32  3:11  Adept  
  34  3:14  Probe  
  35  3:20  Pylon  
  35  3:26  Probe (Chrono Boost)  
  36  3:32  Probe (Chrono Boost)  
  37  3:38  Probe (Chrono Boost)  
  39  3:42  Probe (Chrono Boost)  
  39  3:44  Probe (Chrono Boost)  
  39  3:47  Probe (Chrono Boost)  
  40  3:52  Probe  
  42  3:58  Probe  
  42  3:59  Void Ray (Chrono Boost), Gateway  
  43  4:04  Probe  
  43  4:09  Adept  
  46  4:10  Probe  
  46  4:17  Probe  
  48  4:23  Probe  
  49  4:28  Oracle (Chrono Boost)  
  49  4:29  Probe  
  53  4:33  Pylon  
  53  4:35  Probe  
  54  4:40  Nexus  
  54  4:41  Probe  
  54  4:43  Assimilator  
  55  4:46  Assimilator  
  55  4:48  Probe  
  56  4:53  Probe  
  56  4:57  Fleet Beacon  
  57  5:00  Shield Battery  
  57  5:02  Probe  
  58  5:07  Stargate  
  58  5:12  Probe  
  59  5:14  Probe  
  60  5:24  Probe  
  60  5:26  Zealot x2, Probe  
  66  5:29  Pylon  
  66  5:31  Pylon, Protoss Air Weapons Level 1  
  65  5:39  Probe x2  
  67  5:46  Pylon, Carrier (Chrono Boost)  
  73  6:00  Carrier (Chrono Boost)  
  78  6:04  Probe x2  
  78  6:05  Probe  
  81  6:13  Pylon  
  81  6:15  Twilight Council  
  81  6:16  Probe x2  
  81  6:17  Probe  
  84  6:22  Assimilator  
  84  6:24  Assimilator  
  84  6:28  Probe  
  84  6:29  Probe x2  
  86  6:40  Carrier (Chrono Boost)  
  86  6:43  Adept x2  
  89  6:47  Shield Battery  
  89  6:50  Probe x2  
  89  6:57  Carrier (Chrono Boost)  
  95  7:04  Zealot x2  
  99  7:13  Gateway  
  94  7:15  Gateway  
  93  7:27  Pylon  
  93  7:33  Probe x3  
  93  7:35  Blink (Chrono Boost)  
  102  7:45  Probe  
  102  7:49  Zealot  
  97  8:00  Stalker  
  97  8:01  Probe x3  
  100  8:10  Stalker x2  
  104  8:15  Probe x2  
  104  8:16  Probe  
  107  8:23  Protoss Ground Weapons Level 1 (Chrono Boost)  
  107  8:26  Stalker x2  
  105  8:27  Probe  
  105  8:28  Probe x2  
  105  8:29  Gateway  
  105  8:30  Gateway  
  102  8:40  Stalker x2  
  106  8:47  Templar Archives  
  106  8:49  Gateway  
  106  8:51  Gateway  
  106  8:52  Gateway  
  106  8:53  Gateway  
  104  8:56  Probe  
  104  9:02  Stalker x2  
  109  9:07  Stalker x2  
  113  9:15  Probe x3  
  116  9:21  Robotics Facility  
  116  9:24  Pylon  
  116  9:26  Pylon  
  116  9:29  Pylon, Stalker x2  
  116  9:30  Psionic Storm  
  120  9:33  Stalker x2  
  124  9:45  Pylon  
  124  9:51  High Templar x4  
  132  9:59  Pylon  
  132  10:02  Stalker x3  
  138  10:08  Observer  
  139  10:14  Nexus  
  139  10:16  Pylon  
  127  10:45  Stalker x5  
  127  10:46  Stalker x2  
  127  10:47  High Templar  
  117  11:10  Nexus  
  115  11:17  Probe x2  
  117  11:19  High Templar, Shield Battery  
  117  11:20  High Templar  
  121  11:26  Archon  
  121  11:29  Probe x2  
  123  11:33  High Templar x3  
  123  11:37  Archon  
  123  11:38  Archon  
  129  11:41  Probe x2  
  129  11:42  Probe  
  132  11:49  Stalker x2  
  132  11:53  Probe x2  
  127  12:18  Archon  
  127  12:19  Stalker x3  
  127  12:20  Stalker x5  
  143  12:23  Probe x2  
  143  12:24  Probe  
  138  12:43  Stalker x2  
  138  12:44  Stalker x4  
  146  12:50  Stalker x2  
Tags
 
Add a new tag
Caveats
  • Supply blocks, unpowered buildings, or Contaminate may cause inaccurate times.
  • Supply counts are checked every 10 seconds.